 Dungeon Crawl Stone Soup version 0.30-a0-1008-g30c9307041 (webtiles) character file.

Game seed: 6546391772714772831

95052 cheesebisquit the Brawler (level 15, -30/156 HPs)
             Began as a Troll Fighter on Apr 4, 2023.
             Was a High Priest of Jiyva.
             Annihilated by a caustic shrike simulacrum (50 damage)
             ... in an ice cave on Apr 5, 2023.
             The game lasted 01:42:16 (27766 turns).

cheesebisquit the Brawler (Troll Fighter)          Turns: 27766, Time: 01:42:17

Health: -30/156    AC: 17    Str: 40    XL:     15   Next: 65%
Magic:  14/14      EV:  9    Int: 17    God:    Jiyva [*****.]
Gold:   39         SH:  0    Dex: 16    Spells: 14/14 levels left

rFire   . . .      SeeInvis +      - Unarmed
rCold   . . .      Faith    .    b - +3 kite shield
rNeg    . . .      Spirit   .    F - +3 swamp dragon scales "Mathaorch" {Contam rElec rPois Str+8 Stlth-}
rPois   +          Reflect  .    (helmet restricted)
rElec   +          Rampage  .    p - +2 cloak {rPois}
rCorr   +                        (gloves unavailable)
Will    +....                    (boots unavailable)
Stlth   ++                       (no amulet)
HPRegen 2.70/turn                u - ring of see invisible
MPRegen 0.59/turn                M - ring "Jobbarch" {AC+4 Int+5 Dex+3}

@: confused, ambrosia-drunk, calling ooze, invisible
A: large, unfitting armour, claws 3, regeneration 1, shaggy fur 1, tough skin 1,
iridescent scales 1, thin skeletal structure 3, clever 2, pseudopods 2,
tendrils, jelly absorbing missiles
a: Renounce Religion, Oozemancy, Slimify


You were in an ice cave.
You worshipped Jiyva.
Jiyva was extremely pleased with you.
You visited 6 branches of the dungeon, and saw 30 of its levels.
You also visited: Ice Cave.

You collected 1746 gold pieces.
You spent 1707 gold pieces at shops.

Inventory:

Hand Weapons
 c - a +4 sling of electrocution
 d - the +9 war axe of Aston {pain, Str+2 Stlth+}
   (You took it off a centaur warrior on level 14 of the Dungeon)

   Str:       It affects your strength (+2).
   Stlth:     It makes you more stealthy.
 y - a +2 heavy dire flail
 z - a +0 whip of electrocution
 S - a +4 giant spiked club
Missiles
 j - 24 poisoned darts
 r - 158 stones
 C - 4 large rocks
 L - 4 curare-tipped darts
 V - 5 boomerangs
Armour
 b - a +3 kite shield (worn)
 p - a +2 cloak of poison resistance (worn)
 F - the +3 swamp dragon scales "Mathaorch" (worn) {Contam rElec rPois Str+8 Stlth-}
   (You bought it in a shop on level 8 of the Dungeon)

   Str:       It affects your strength (+8).
   rElec:     It insulates you from electricity.
   rPois:     It protects you from poison.
   Contam:    It causes magical contamination when unequipped.
   Stlth:     It makes you less stealthy.
Jewellery
 q - a ring of fire
 u - a ring of see invisible (left claw)
 H - a ring of willpower
 K - a +4 ring of protection
 M - the ring "Jobbarch" (right claw) {AC+4 Int+5 Dex+3}
   (You found it on level 11 of the Dungeon)

   [ring of protection]

   AC:        It affects your AC (+4).
   Int:       It affects your intelligence (+5).
   Dex:       It affects your dexterity (+3).
 T - a +5 ring of evasion
Wands
 w - a wand of flame (57) (quivered)
 x - a wand of digging (3)
 E - a wand of mindburst (12)
 P - a wand of quicksilver (4)
 X - a wand of roots (13)
Scrolls
 e - a scroll of acquirement {unknown}
 f - 4 scrolls of amnesia
 k - a scroll of fear
 l - 10 scrolls of teleportation
 m - a scroll of poison
 n - 2 scrolls of vulnerability
 v - a scroll of silence
 B - 5 scrolls of noise
 G - 2 scrolls of immolation
 I - a scroll of torment {unknown}
 O - 3 scrolls of fog
 U - a scroll of summoning {unknown}
Potions
 a - a potion of degeneration {unknown}
 g - 6 potions of ambrosia
 h - 6 potions of cancellation
 i - 5 potions of magic
 o - 3 potions of flight
 s - 3 potions of brilliance
 A - 4 potions of mutation
 J - 2 potions of resistance
 N - 4 potions of attraction
 Q - 2 potions of lignification
 R - a potion of curing
Miscellaneous
 D - a tin of tremorstones (2/2)


   Skills:
 + Level 11.6 Fighting
 - Level 10.8 Throwing
 - Level 2.4 Dodging
 + Level 12.6 Shields
 + Level 18.1 Unarmed Combat


You had 14 spell levels left.
You didn't know any spells.
Your spell library contained the following spells:

 Spells                   Type           Power      Damage    Failure   Level
 Foxfire                  Conj/Fire      0%         2x1d4     47%         1
 Slow                     Hex            0%         N/A       47%         1
 Cigotuvi's Dreadful Rot  Necr/Pois/Air  0%         N/A       63%         2
 Poisonous Vapours        Pois/Air       0%         N/A       63%         2
 Confusing Touch          Hex            0%         N/A       85%         3
 Frozen Ramparts          Ice            0%         1d1       85%         3
 Hailstorm                Conj/Ice       0%         3d3       85%         3
 Mephitic Cloud           Conj/Pois/Air  0%         N/A       85%         3
 Tukima's Dance           Hex            0%         N/A       85%         3
 Vampiric Draining        Necr           0%         2d6       85%         3
 Volatile Blastmotes      Fire/Tloc      0%         2d10      85%         3
 Animate Dead             Necr           0%         N/A       99%         4
 Fulminant Prism          Conj/Hex       0%         3d5       99%         4
 Ice Form                 Ice/Tmut       0%         N/A       99%         4
 Iskenderun's Mystic Bla  Conj/Tloc      0%         2d3       99%         4
 Passage of Golubria      Tloc           0%         N/A       99%         4
 Sticky Flame             Conj/Fire      0%         2d3       99%         4
 Summon Ice Beast         Ice/Summ       0%         N/A       99%         4
 Borgnjor's Vile Clutch   Necr/Erth      0%         N/A       100%        5
 Fireball                 Conj/Fire      0%         3d3       100%        5
 Lee's Rapid Deconstruct  Erth           0%         3d4*      100%        5
 Yara's Violent Unravell  Hex/Tmut       0%         3d3       100%        5
 Death Channel            Necr           0%         N/A       100%        6
 Simulacrum               Ice/Necr       0%         N/A       100%        6
 Starburst                Conj/Fire      0%         6d3       100%        6


Dungeon Overview and Level Annotations

Branches:
Dungeon (15/15)            Temple (1/1) D:6            Lair (5/5) D:8
 Shoals (0/4) Lair:2       Spider (2/4) Lair:2        Slime (5/5) Lair:5
    Orc (2/2) D:9             Elf (0/3) Orc:2        Vaults (0/5) D:14
 Depths (0/4) D:15          IceCv (1/1)

Altars:
Ashenzari
Cheibriados
Dithmenos
Elyvilon
Fedhas
Gozag
Hepliaklqana
Kikubaaqudgha
Makhleb
Nemelex Xobeh
Okawaru
Qazlal
Ru
Sif Muna
Trog
Uskayaw
Vehumet
Wu Jian
Xom
Yredelemnul
Zin
The Shining One
Jiyva
Lugonu

Shops:
D:2 (   D:8 *   Orc:1 :[   Orc:2 =*[*

Portals:
Hell: Lair:5
Abyss: Spider:1
Pandemonium: Orc:2

Annotations:
D:7 3 runed translucent doors, Monkooky's ghost, novice GnWr; monoptic's ghost, novice SpEn
Slime:2 Dissolution
Slime:5 Royal Jelly


Innate Abilities, Weirdness & Mutations

You are too large for most types of armour.
You have claws for hands.
Your natural rate of healing is unusually fast.
You are covered in fur. (AC +1)
You have tough skin. (AC +1)
You are partially covered in iridescent scales. (AC +2)
You have an unnaturally thin skeletal structure. (Dex +6, Stealth+++)
Your mind is very acute. (Int +8, Str/Dex -2)
Armour fits poorly on your large pseudopods.
You are covered in slimy tendrils that may disarm your opponents.
You have a small jelly attached to you that may absorb projectiles.


Message History

The walls melt the seven-headed hydra simulacrum!
The walls melt the caustic shrike simulacrum!
You block the caustic shrike simulacrum's attack.
Your quicksilver ooze hits the caustic shrike simulacrum!
The caustic shrike simulacrum vaporises!
The walls melt the caustic shrike simulacrum!
The walls melt the caustic shrike simulacrum!
The walls melt the alligator simulacrum!
The walls melt the seven-headed hydra simulacrum!
The walls melt the caustic shrike simulacrum!
Your quicksilver ooze is engulfed in freezing vapours.
Your quicksilver ooze hits the seven-headed hydra simulacrum.
Your quicksilver ooze hits the seven-headed hydra simulacrum!
The walls melt the caustic shrike simulacrum!
Your quicksilver ooze is engulfed in freezing vapours.
Your quicksilver ooze hits the seven-headed hydra simulacrum!!
The seven-headed hydra simulacrum vaporises!
The walls melt the alligator simulacrum!
The walls melt the golden dragon simulacrum!
The golden dragon simulacrum bites your quicksilver ooze!
The golden dragon simulacrum freezes your quicksilver ooze!!
The golden dragon simulacrum completely misses your quicksilver ooze.
The golden dragon simulacrum tramples your quicksilver ooze!
Your quicksilver ooze stumbles backwards!
Your quicksilver ooze dies!
Your quicksilver ooze dissolves into a puddle of slime!
The walls melt the caustic shrike simulacrum! x2
The walls melt the caustic shrike simulacrum!
The walls melt the alligator simulacrum!
The walls melt the golden dragon simulacrum!
The wall melts the caustic shrike simulacrum!
There is an ice covered gate leading back out of this place here.
You are confused.
You feel invigorated.
The walls melt the alligator simulacrum!
The alligator simulacrum vaporises!
The caustic shrike simulacrum claws you!
* * * LOW HITPOINT WARNING * * *
The caustic shrike simulacrum freezes you!!!
You die...

### #######
!!.. ##.....#
..... ##......#
......#.......#
......○..∩Z.Z.#
......#......@#
..... ##......#
?!.. ##.....#
### #######


You could see a golden dragon simulacrum (unable to see you) and a caustic
shrike simulacrum (unable to see you).

Vanquished Creatures
  Jorgrun (Orc:1)
  A ghost moth (Spider:2)
  A dire elephant (Lair:5)
  Azrael (D:14)
  An ettin (Orc:1)
  2 ogre magi
  A catoblepas (D:8)
  4 hydras
  6 centaur warriors
  2 demonspawn (Orc:2)
  9 two-headed ogres
  A boulder beetle (Spider:1)
  3 tengu warriors (D:15)
  6 death yaks (Lair:5)
  7 orc high priests (Orc:2)
  3 skysharks
  2 sixfirhies
  A sun moth (Spider:1)
  An orb spider (Spider:1)
  A wizard (Lair:5)
  7 orc knights
  A steelbarb worm (Spider:1)
  A necromancer (D:14)
  2 deep elf pyromancers (D:14)
  An oklob plant (Lair:5)
  3 wolf spiders (Spider:1)
  5 manticores
  4 orc sorcerers (Orc:2)
  9 ugly things
  5 cyclopes
  2 elephants
  Joseph (D:7)
  2 torpor snails (Spider:1)
  A guardian serpent (shapeshifter) (D:13)
  A smoke demon (Lair:5)
  A demonic crawler (Spider:1)
  2 black mambas (Lair:5)
  9 cane toads
  3 orange demons
  An unseen horror (D:13)
  A gargoyle (D:12)
  12 komodo dragons
  6 rime drakes
  An ice devil (Lair:5)
  3 kobold demonologists
  4 red devils (Lair:5)
  8 trolls
  4 polar bears
  A queen bee (Spider:1)
  A wind drake (shapeshifter) (D:15)
  2 hellwings (Orc:2)
  3 meliai
  11 tarantellas (Spider:1)
  A golden dragon simulacrum (IceCv)
  The ghost of ytrimaz the Changer, an amateur DgTm (D:4)
  A snapping turtle (Lair:2)
  6 blink frogs
  A dream sheep (Lair:1)
  12 jumping spiders
  4 shadows
  4 culicivoras (Spider:1)
  20 yaks
  2 wraiths
  2 vampires
  6 wyverns
  6 vampire mosquitoes
  4 basilisks
  22 redbacks
  2 fire elementals (D:14)
  Edmund (D:5)
  4 steam dragons
  7 wargs
  A hydra simulacrum (IceCv)
  7 hell hounds
  16 water moccasins
  29 orc warriors
  An alligator simulacrum (IceCv)
  2 ice beasts
  3 sky beasts (D:11)
  An ettin simulacrum (IceCv)
  A black bear (D:5)
  10 ogres
  25 centaurs
  17 wolves
  A phantom (D:6)
  4 kobold brigands
  2 scorpions
  9 bullfrogs
  A gnoll sergeant (D:8)
  13 wights
  25 killer bees
  2 electric eels (Lair:1)
  4 howler monkeys
  2 lindwurm simulacra (IceCv)
  2 gnoll boudas
  5 hounds
  19 orc priests
  2 sleepcaps
  7 iguanas
  20 orc wizards
  A statue (D:8)
  13 gnolls
  12 adders
  4 white imps
  2 worms
  2 dart slugs
  59 orcs
  3 bats (D:1)
  3 endoplasms
  A giant cockroach (D:4)
  10 hobgoblins
  3 jackals (D:3)
  39 kobolds
  A quokka (D:5)
  7 ball pythons
  3 frilled lizards
  10 goblins
  A rat (D:3)
683 creatures vanquished.

Vanquished Creatures (collateral kills)
  A caustic shrike simulacrum (IceCv)
  An orb spider (Spider:2)
  A hydra simulacrum (IceCv)
3 creatures vanquished.

Vanquished Creatures (others)
  A two-headed ogre (D:15)
  A wolf spider (D:15)
  An orc sorcerer (Orc:2)
  7 slime creatures (D:15)
  A swamp drake (D:8)
  An orc warrior (Orc:2)
  An ogre (D:15)
  44 jellies
  3 orc priests
  3 orc wizards
  12 orcs
  55 fungi
  A lurking horror (Spider:1)
  107 plants
  6 withered plants (D:7)
244 creatures vanquished.

Grand Total: 930 creatures vanquished

Notes
Turn   | Place    | Note
-------+----------+-------------------------------------------
     0 | D:1      | cheesebisquit the Troll Fighter began the quest for the
                  | Orb.
     0 | D:1      | Reached XP level 1. HP: 22/22 MP: 0/0
   389 | D:1      | Reached XP level 2. HP: 29/29 MP: 1/1
   914 | D:2      | Found Rogen's Weapon Shoppe.
   958 | D:2      | Reached XP level 3. HP: 31/36 MP: 2/2
  1062 | D:2      | Reached skill level 3 in Unarmed Combat
  1457 | D:3      | Reached XP level 4. HP: 44/44 MP: 3/3
  2175 | D:4      | Reached skill level 4 in Unarmed Combat
  2175 | D:4      | Reached XP level 5. HP: 18/53 MP: 4/4
  2560 | D:4      | Reached XP level 6. HP: 61/61 MP: 5/5
  2652 | D:4      | Found a runed translucent gate.
  2652 | D:4      | Found a runed translucent gate.
  2652 | D:4      | Noticed ytrimaz's ghost (amateur DgTm)
  2653 | D:4      | Found a runed translucent gate.
  2903 | D:5      | Entered Level 5 of the Dungeon
  2965 | D:5      | Noticed an ice beast
  2970 | D:5      | Killed an ice beast
  2971 | D:5      | Reached skill level 5 in Unarmed Combat
  2991 | D:5      | Found a shimmering altar of Xom.
  2992 | D:5      | Found a shimmering altar of Xom.
  3158 | D:5      | Reached XP level 7. HP: 49/68 MP: 6/6
  3177 | D:5      | Noticed Edmund
  3188 | D:5      | Killed Edmund
  3189 | D:5      | Reached skill level 6 in Unarmed Combat
  3495 | D:5      | Reached skill level 5 in Shields
  3495 | D:5      | Reached XP level 8. HP: 51/79 MP: 7/7
  3667 | D:5      | Reached skill level 7 in Unarmed Combat
  4084 | D:6      | Upgraded the game from 0.30-a0-996-ga6910c8ee8 to
                  | 0.30-a0-1008-g30c9307041
  4312 | D:6      | Found a staircase to the Ecumenical Temple.
  4320 | D:6      | Reached skill level 5 in Fighting
  4321 | D:6      | Reached skill level 1 in Throwing
  4333 | Temple   | Entered the Ecumenical Temple
  4855 | D:6      | Reached skill level 8 in Unarmed Combat
  4970 | D:6      | Found a glowing golden altar of the Shining One.
  5242 | D:6      | Reached XP level 9. HP: 20/86 MP: 8/8
  5454 | D:7      | Found an opulent altar of Gozag.
  5662 | D:7      | Noticed Joseph
  5677 | D:7      | Killed Joseph
  5678 | D:7      | Reached skill level 9 in Unarmed Combat
  5776 | D:7      | Got Sif Muna's Writings on the Summer and Fulmination
  5788 | D:7      | Found a runed translucent gate.
  5789 | D:7      | Found a runed translucent gate.
  5790 | D:7      | Found a runed translucent gate.
  5791 | D:7      | Noticed monoptic's ghost (novice SpEn)
  5791 | D:7      | Noticed Monkooky's ghost (novice GnWr)
  6245 | D:4      | Killed ytrimaz's ghost
  6700 | D:8      | Reached XP level 10. HP: 64/98 MP: 9/9
  6741 | D:8      | Reached skill level 10 in Unarmed Combat
  6933 | D:8      | Found a radiant altar of Vehumet.
  7190 | D:8      | Found Hoasak's Serpentskin Sales.
  7199 | D:8      | Bought 3 poisoned darts for 19 gold pieces
  7199 | D:8      | Bought 3 poisoned darts for 19 gold pieces
  7199 | D:8      | Bought 3 curare-tipped darts for 39 gold pieces
  7680 | D:8      | Found a staircase to the Lair.
  8231 | D:9      | Found a staircase to the Orcish Mines.
  8395 | D:9      | Found a shimmering blue altar of Sif Muna.
  8574 | D:9      | Found a white marble altar of Elyvilon.
  8723 | D:9      | Reached skill level 5 in Throwing
  8723 | D:9      | Reached skill level 11 in Unarmed Combat
  8886 | D:9      | Found a hide-covered altar of Uskayaw.
  8899 | D:9      | Found a sparkling altar of Nemelex Xobeh.
  9080 | D:10     | Entered Level 10 of the Dungeon
  9103 | D:10     | Found a basalt altar of Yredelemnul.
  9225 | D:6      | Became a worshipper of the Shining One
  9425 | D:10     | Noticed a smoke demon
  9503 | D:10     | Noticed a two-headed ogre
  9516 | D:10     | Killed a two-headed ogre
  9517 | D:10     | Reached XP level 11. HP: 79/109 MP: 10/10
 10406 | D:8      | Bought +0 swamp dragon scales for 550 gold pieces
 10490 | D:11     | Reached * piety under the Shining One
 10524 | D:11     | Reached skill level 12 in Unarmed Combat
 10964 | D:11     | Identified the ring "Jobbarch" {AC+4 Int+5 Dex+3}
 11560 | D:12     | Found a gate leading to a gauntlet.
 11710 | D:12     | Noticed a purple ugly thing
 11710 | D:12     | Reached ** piety under the Shining One
 11723 | D:12     | Killed a purple ugly thing
 11812 | D:12     | Reached skill level 13 in Unarmed Combat
 11812 | D:12     | Reached XP level 12. HP: 119/119 MP: 11/11
 11900 | D:12     | Noticed a two-headed ogre
 11908 | D:12     | Killed a two-headed ogre
 11961 | D:12     | Noticed an ogre mage
 11962 | D:12     | Noticed a two-headed ogre
 11971 | D:12     | Killed an ogre mage
 11977 | D:12     | Killed a two-headed ogre
 12067 | D:12     | Noticed a two-headed ogre
 12070 | D:12     | Killed a two-headed ogre
 12463 | Lair:1   | Entered Level 1 of the Lair of Beasts
 12463 | Lair:1   | Noticed a catoblepas
 12479 | D:8      | Killed a catoblepas
 12968 | Lair:1   | Reached *** piety under the Shining One
 12971 | Lair:1   | Reached skill level 14 in Unarmed Combat
 13843 | Lair:2   | Found a hole to the Spider Nest.
 14170 | Lair:2   | Found a staircase to the Shoals.
 14882 | Lair:3   | Noticed an eight-headed hydra
 14890 | Lair:3   | Killed an eight-headed hydra
 14891 | Lair:3   | Reached XP level 13. HP: 111/131 MP: 12/12
 14982 | Lair:3   | Reached skill level 10 in Shields
 15992 | Lair:5   | Entered Level 5 of the Lair of Beasts
 16289 | Lair:5   | Reached skill level 15 in Unarmed Combat
 16349 | Lair:5   | Noticed a dire elephant
 16360 | Lair:5   | Killed a dire elephant
 16632 | Lair:5   | Found a viscous altar of Jiyva.
 16632 | Lair:5   | Found a staircase to the Slime Pits.
 16638 | Lair:5   | Found a glowing golden altar of the Shining One.
 16641 | Lair:5   | Fell from the grace of the Shining One
 16641 | Lair:5   | Became a worshipper of Jiyva Jeisialy the Shapeless
 17029 | Lair:5   | Reached * piety under Jiyva
 17366 | Lair:5   | Found a burning altar of Makhleb.
 17380 | Lair:5   | Reached skill level 10 in Fighting
 17425 | Lair:5   | Reached XP level 14. HP: 53/143 MP: 13/13
 17505 | Lair:5   | Found a gateway to Hell.
 18145 | Orc:1    | Entered Level 1 of the Orcish Mines
 18161 | D:9      | Reached skill level 16 in Unarmed Combat
 18392 | Orc:2    | Entered Level 2 of the Orcish Mines
 18459 | Orc:1    | Reached ** piety under Jiyva
 18459 | Orc:1    | Found Pattoadu's Book Shoppe.
 18463 | Orc:1    | Noticed Jorgrun
 18480 | Orc:1    | Killed Jorgrun
 18568 | Orc:1    | Found Taagib's Antique Armour Emporium.
 18713 | Orc:2    | Found a staircase to the Elven Halls.
 18947 | Orc:2    | Found Kummilom's General Store.
 19023 | Orc:2    | Found Ragu's General Store.
 19298 | Orc:2    | Reached *** piety under Jiyva
 19362 | D:8      | Bought the +3 swamp dragon scales "Mathaorch" {Contam rElec
                  | rPois Str+8 Stlth-} for 976 gold pieces
 19704 | Orc:2    | Reached skill level 10 in Throwing
 19717 | Orc:2    | Gained mutation: You have a small jelly attached to you
                  | that senses nearby items. [Jiyva's grace]
 19717 | Orc:2    | Gained mutation: Your mind is acute. (Int +4, Str/Dex -1)
                  | [Jiyva's grace]
 19717 | Orc:2    | Gained mutation: Your mind is very acute. (Int +8, Str/Dex
                  | -2) [Jiyva's grace]
 19717 | Orc:2    | Gained mutation: Your melee attacks may engulf your foes in
                  | ooze. [Jiyva's grace]
 20044 | Orc:2    | Found Rackak's Jewellery Shoppe.
 20044 | Orc:2    | Found Xaroaj's Antique Armour Emporium.
 20045 | Orc:2    | Found a one-way gate leading to the halls of Pandemonium.
 20387 | D:13     | Reached **** piety under Jiyva
 21081 | D:14     | Reached skill level 17 in Unarmed Combat
 21142 | D:14     | Noticed Azrael
 21200 | D:14     | Reached ***** piety under Jiyva
 21264 | D:14     | Found a gate to the Vaults.
 21388 | D:14     | Identified the +9 war axe of Aston {pain, Str+2 Stlth+}
 21426 | D:14     | Killed Azrael
 21463 | D:14     | a five-headed hydra changed into an azure jelly
 21463 | D:14     | Noticed an azure jelly
 21502 | D:14     | Lost mutation: You have a small jelly attached to you that
                  | senses nearby items. [Jiyva's grace]
 21502 | D:14     | Gained mutation: You are covered in slimy tendrils that may
                  | disarm your opponents. [Jiyva's grace]
 21502 | D:14     | Gained mutation: You have a small jelly attached to you
                  | that may absorb projectiles. [Jiyva's grace]
 21502 | D:14     | Gained mutation: Armour fits poorly on your pseudopods.
                  | [Jiyva's grace]
 21502 | D:14     | Gained mutation: Armour fits poorly on your large
                  | pseudopods. [Jiyva's grace]
 21884 | D:15     | Entered Level 15 of the Dungeon
 21984 | D:14     | Reached XP level 15. HP: 152/152 MP: 14/14
 22406 | D:14     | Found a gate to the Vaults.
 22892 | D:15     | Found an ancient bone altar of Kikubaaqudgha.
 22949 | D:15     | Found a staircase to the Depths.
 23325 | Orc:2    | Bought a scroll of identify for 22 gold pieces
 23325 | Orc:2    | Bought a scroll of blinking for 82 gold pieces
 23532 | Slime:1  | Entered Level 1 of the Pits of Slime
 23532 | Slime:1  | Noticed an acid blob
 23532 | Slime:1  | Noticed a rockslime
 23534 | Slime:1  | Noticed an acid blob
 23631 | Slime:2  | Noticed an acid blob
 23752 | Slime:3  | Noticed an azure jelly
 23795 | Slime:3  | Noticed an azure jelly
 23831 | Slime:2  | Noticed a rockslime
 23835 | Slime:2  | Noticed an acid blob
 23853 | Slime:2  | Noticed Dissolution
 23878 | Slime:2  | Noticed an acid blob
 23963 | Slime:1  | Noticed a rockslime
 24001 | Slime:1  | Noticed a rockslime
 24024 | Slime:1  | Noticed an azure jelly
 24062 | Slime:1  | Noticed an acid blob
 24142 | Slime:4  | Noticed an azure jelly
 24200 | Slime:4  | Noticed an azure jelly
 24202 | Slime:4  | Noticed an azure jelly
 24246 | Slime:3  | Noticed an acid blob
 24256 | Slime:3  | Noticed a rockslime
 24275 | Slime:3  | Noticed an acid blob
 24393 | Slime:4  | Noticed a rockslime
 24469 | Slime:5  | Entered Level 5 of the Pits of Slime
 24469 | Slime:5  | Noticed an azure jelly
 24504 | Slime:5  | Noticed an acid blob
 24510 | Slime:5  | Noticed an acid blob
 24549 | Slime:5  | Noticed an azure jelly
 24568 | Slime:5  | Noticed a rockslime
 24578 | Slime:5  | Noticed an azure jelly
 24597 | Slime:5  | Noticed an azure jelly
 24599 | Slime:5  | Noticed an acid blob
 24602 | Slime:5  | Noticed an acid blob
 24616 | Slime:5  | Noticed the Royal Jelly
 24647 | Slime:5  | Found a viscous altar of Jiyva.
 24648 | Slime:5  | Found the +16 obsidian axe {drain, demonic, Mesm Drain Fly
                  | SInv}
 24664 | Slime:5  | Noticed an acid blob
 24668 | Slime:5  | Noticed an acid blob
 24669 | Slime:5  | Noticed an acid blob
 24843 | Slime:5  | Noticed an acid blob
 24989 | Spider:1 | Entered Level 1 of the Spider Nest
 25232 | Spider:1 | HP: 3/153 [meliai/divine providence (10)]
 25442 | Lair:2   | Found a hole to the Spider Nest.
 25820 | Lair:2   | Found a staircase to the Shoals.
 26642 | Spider:1 | Found a corrupted altar of Lugonu.
 26649 | Spider:1 | Found a one-way gate to the infinite horrors of the Abyss.
 26666 | Spider:1 | Lost mutation: Your melee attacks may engulf your foes in
                  | ooze. [Jiyva's grace]
 26666 | Spider:1 | Gained mutation: You have a somewhat thin skeletal
                  | structure. (Dex +2, Stealth+) [Jiyva's grace]
 26666 | Spider:1 | Gained mutation: You have a moderately thin skeletal
                  | structure. (Dex +4, Stealth++) [Jiyva's grace]
 26666 | Spider:1 | Gained mutation: You have an unnaturally thin skeletal
                  | structure. (Dex +6, Stealth+++) [Jiyva's grace]
 26666 | Spider:1 | Gained mutation: You are partially covered in iridescent
                  | scales. (AC +2) [Jiyva's grace]
 26860 | Spider:1 | Reached skill level 18 in Unarmed Combat
 27722 | Spider:2 | Found a frozen archway.
 27748 | IceCv    | Entered an ice cave
 27759 | IceCv    | HP: 5/154 [caustic shrike simulacrum (46)]
 27766 | IceCv    | Annihilated by a caustic shrike simulacrum

Illustrated notes

Levels and vault maps discovered:
D:1:      heliophobic_arrival_henge, layout_loops_ring,
          chequers_serial_rivers_micro_a
D:2:      layout_rooms, serial_glass, glass_columns_c, glass_columns_b,
          serial_shops, nicolae_shop_window_shopping
D:3:      layout_basic
D:4:      layout_cave_pods, gammafunk_ghost_nasty_kobolds,
          kennysheep_generic_room_12
D:5:      minmay_diamond_boxcup, layout_loops_corners, xom_redecorated,
          uniq_edmund
D:6:      layout_loops_corners, mainiacjoe_overflow_tiny_flanked,
          minmay_temple_entry_enclosed_plants
D:7:      layout_rooms, old_standard_altar, gammafunk_ghost_cemetery,
          uniq_joseph
D:8:      kennysheep_kobold_camp, layout_rooms, vehumet_statue,
          erik_lair_dragon, hangedman_decor_clover_reticule, guppyfry_shop_venom
D:9:      layout_rooms, nicolae_sif_muna_condensation,
          mainiacjoe_overflow_paths, minitemple, minmay_orc_entry_guard_dogs
D:10:     layout_basic, lemuel_crystal_altar
D:11:     layout_irregular_city, hangedman_misty_isle
D:12:     layout_irregular_city, gauntlet_entry_generic
D:13:     layout_stronghold
D:14:     layout_long_grid, david_vaults_1, palyth_stone_intersect, uniq_azrael
D:15:     hangedman_depths_entry_try_elsewhere_first, layout_cave_pools,
          lemuel_tele_altar
Temple:   nicolae_temple_bog_church
Lair:1:   layout_roguey, minmay_shattered_shrine, serial_bayou_shore_a
Lair:2:   layout_chaotic_city, minmay_shoals_entry_hut, spider_nest_entry_webs,
          serial_bayou_shore_b
Lair:3:   layout_roguey
Lair:4:   layout_layer_cave, grunt_megastairs_4
Lair:5:   evil_forest, layout_cave_pods, slime_entry_1, lemuel_oklob_altar,
          lemuel_fruit_tree
Spider:1: layout_cave_pods, special_room [special_room_bee],
          amcnicky_altar_lugonu_corruption
Spider:2: gammafunk_boulding_lane, portal_ice_cave_entry_pillars_three
Slime:1:  layout_caves
Slime:2:  layout_caves, uniq_dissolution
Slime:3:  layout_caves
Slime:4:  layout_caves
Slime:5
Orc:1:    layout_caves, serial_shops, nicolae_shop_stone, nicolae_shop_trees,
          uniq_jorgrun
Orc:2:    pf_orc_diabolical, layout_caves, nicolae_orc_jurassic_orc
IceCv:    ice_cave_statue_garden_chambered

Skill      XL: |  1  2  3  4  5  6  7  8  9 10 11 12 13 14 15 |
---------------+----------------------------------------------+-----
Shields        | 3 4 5 6 7 8 9 10 11 12 | 12.6
Unarmed Combat | 3 4 5 6 8 9 11 13 14 15 17 18 | 18.1
Fighting       | 3 4 5 6 7 8 9 10 11 | 11.6
Throwing       | 2 3 5 6 8 9 10 | 10.8
Dodging        | |  2.4

Action                     |  1- 3 |  4- 6 |  7- 9 | 10-12 | 13-15 || total
---------------------------+-------+-------+-------+-------+-------++-------
  Melee: Unarmed           |    88 |   162 |   258 |   652 |   765 ||  1925
         Pseudopods        |       |       |       |       |    55 ||    55
  Throw: Dart              |    25 |    20 |    10 |     4 |   222 ||   281
         Stone             |     8 |       |       |       |       ||     8
         Boomerang         |       |       |    11 |   190 |   168 ||   369
         Large rock        |       |       |       |       |    83 ||    83
         Throwing net      |       |       |       |       |     3 ||     3
         Javelin           |       |       |       |       |     6 ||     6
 Invoke: Slimify           |       |       |       |       |     1 ||     1
         Oozemancy         |       |       |       |       |     1 ||     1
  Evoke: Wand              |       |       |       |       |     6 ||     6
    Use: Potion            |       |       |     1 |     1 |    22 ||    24
         Scroll            |       |       |       |    24 |    13 ||    37
   Stab: Sleeping          |       |       |     2 |       |       ||     2
 Armour: Robe              |    19 |    36 |    45 |    12 |       ||   112
         Steam dragon scal |       |       |       |    27 |       ||    27
         Swamp dragon scal |       |       |       |   116 |   335 ||   451
  Dodge: Dodged            |    25 |    41 |    91 |   133 |   192 ||   482
  Block: Kite shield       |    39 |    57 |    88 |   278 |   585 ||  1047

Table legend: (Time is in decaauts)
 A = Elapsed time spent in this place.
 B = Non-inter-level travel time spent in this place.
 C = Inter-level travel time spent in this place.
 D = Time resting spent in this place.
 E = Time spent auto-exploring this place.
 F = Levels seen in this place.
 G = Mean time per level.
                   A        B        C        D        E       F      G
               +--------+--------+--------+--------+--------+-----+--------+
         Total |  27599 |  24188 |   3411 |   1010 |  18413 |  31 |  890.3 |
       Dungeon |  15613 |  13823 |   1790 |    536 |  10512 |  15 | 1040.9 |
        Temple |    204 |    185 |     19 |      0 |    175 |   1 |  204.0 |
          Lair |   6672 |   5679 |    993 |    217 |   4634 |   5 | 1334.4 |
   Spider Nest |   1633 |   1521 |    112 |     51 |    985 |   2 |  816.5 |
    Slime Pits |   1475 |   1222 |    253 |      0 |   1051 |   5 |  295.0 |
  Orcish Mines |   1981 |   1738 |    243 |    206 |   1056 |   2 |  990.5 |
      Ice Cave |     17 |     17 |      0 |      0 |      0 |   1 |   17.0 |
               +--------+--------+--------+--------+--------+-----+--------+

Top non-repeatable levels by time:
     D:8: 2057 daAuts
  Lair:5: 1999 daAuts
  Lair:2: 1775 daAuts
Spider:1: 1456 daAuts
   Orc:2: 1383 daAuts
    D:14: 1293 daAuts
  Lair:1: 1207 daAuts
     D:6: 1204 daAuts
     D:5: 1174 daAuts
     D:7: 1132 daAuts
    D:10: 1086 daAuts
    D:11: 1057 daAuts
     D:4: 1052 daAuts
    D:12: 1012 daAuts
     D:9: 975 daAuts
